 Dungeon Crawl Stone Soup version 0.28.0 (webtiles) character file.

Game seed: 10190859797877609972

2790 DearestLeader the Cleaver (level 9, -7/75 HPs)
             Began as a Minotaur Fighter on Feb 11, 2022.
             Was a Follower of Okawaru.
             Mangled by an eight-headed hydra (9 damage)
             ... on level 7 of the Dungeon.
             The game lasted 00:10:37 (7762 turns).

DearestLeader the Cleaver (Minotaur Fighter)        Turns: 7762, Time: 00:10:37

Health: -7/75      AC:  9    Str: 24    XL:     9   Next: 43%
Magic:  7/9        EV: 14    Int:  5    God:    Okawaru [*.....]
Gold:   374        SH:  6    Dex: 11    Spells: 8/8 levels left

rFire   . . .      SeeInvis +   q - +2 hand axe (freeze)
rCold   + . .      Faith    .   c - +0 buckler
rNeg    . . .      Spirit   .   x - +1 ring mail {Will+}
rPois   .          Reflect  .   (helmet unavailable)
rElec   .          Harm     .   (no cloak)
rCorr   .          Rampage  .   G - +0 pair of gloves
Will    +....                   (no boots)
Stlth   ++........              (no amulet)
HPRegen 0.22/turn               p - ring of see invisible
MPRegen 0.11/turn               o - ring of protection from cold

@: heroic
A: horns 3, retaliatory headbutt, talons 1
a: Renounce Religion, Heroism


You were on level 7 of the Dungeon.
You worshipped Okawaru.
Okawaru was aware of your devotion.
You visited 2 branches of the dungeon, and saw 8 of its levels.
You also visited: Sewer.

You collected 374 gold pieces.

Inventory:

Hand Weapons
 a - a +0 war axe
 d - a +2 vorpal dire flail
 q - a +2 hand axe of freezing (weapon)
 u - a +0 flail of draining
Missiles
 s - 31 sling bullets
Armour
 b - a +0 scale mail
 c - a +0 buckler (worn)
 x - a +1 ring mail of willpower (worn)
 G - a +0 pair of gloves (worn)
Jewellery
 i - a ring of flight
 o - a ring of protection from cold (right hand)
 p - a ring of see invisible (left hand)
 w - a ring of wizardry
 F - an amulet of reflection
 I - a +6 ring of strength
Wands
 n - a wand of digging (6)
Scrolls
 e - 2 scrolls of vulnerability
 h - a scroll of enchant armour
 k - 2 scrolls of immolation
 l - 2 scrolls of fear
 t - 4 scrolls of teleportation
 v - 4 scrolls of enchant weapon
 y - 3 scrolls of fog {unknown}
 C - a scroll of silence {unknown}
 J - a scroll of acquirement {unknown}
Potions
 f - 2 potions of ambrosia {unknown}
 g - 2 potions of attraction {unknown}
 j - 7 potions of curing
 m - a potion of magic {unknown}
 r - a potion of flight {unknown}
 z - 2 potions of lignification {unknown}
 A - 2 potions of heal wounds
 B - a potion of might
 D - 2 potions of mutation
 E - 2 potions of cancellation {unknown}
 H - 2 potions of brilliance {unknown}


   Skills:
 + Level 6.2(11.2) Fighting
 * Level 13.0(18.0) Axes
 + Level 5.5(10.5) Armour
 - Level 4.0(9.0) Dodging
 - Level 4.0(9.0) Shields
 + Level 1.6 Invocations


You had 8 spell levels left.
You didn't know any spells.
Your spell library contained the following spells:

 Spells                   Type           Power      Damage    Failure   Level
 Sublimation of Blood     Necr           0%         N/A       80%         2
 Frozen Ramparts          Ice            0%         1d2       95%         3
 Ice Form                 Ice/Tmut       0%         N/A       100%        4
 Petrify                  Tmut/Erth      0%         N/A       100%        4
 Irradiate                Conj/Tmut      0%         3d13      100%        5
 Summon Ice Beast         Ice/Summ       Unusable   N/A       N/A         4

Dungeon Overview and Level Annotations

Branches:
Dungeon (7/15)             Temple (1/1) D:5           Sewer (visited)

Altars:
Fedhas
Makhleb
Okawaru
Qazlal
Sif Muna
Trog
Vehumet
Wu Jian
Xom
The Shining One


Innate Abilities, Weirdness & Mutations

You have a pair of large horns on your head.
You reflexively headbutt those who attack you in melee.
You have sharp toenails.


Message History

You slash the steam dragon! You freeze the steam dragon.
You headbutt the steam dragon.
The steam dragon is severely wounded.
You are engulfed in a cloud of scalding steam.
The steam dragon bites you! The steam dragon closely misses you.
You are too injured to fight recklessly!
Unknown command.
You are engulfed in a cloud of scalding steam.
There is a stone staircase leading down here.
You are engulfed in a cloud of scalding steam.
* * * LOW HITPOINT WARNING * * *
The eight-headed hydra is engulfed in a cloud of scalding steam.
A centaur zombie comes into view.
You gain the combat prowess of a mighty hero.
It was a potion of mutation.
You feel extremely strange.
Your toenails lengthen and sharpen.
The horns on your head grow some more.
You block the eight-headed hydra's attack.
The eight-headed hydra bites you.
* * * LOW HITPOINT WARNING * * *
You block the eight-headed hydra's attack.
The eight-headed hydra misses you.
The eight-headed hydra bites you but does no damage.
The eight-headed hydra bites you.
* * * LOW HITPOINT WARNING * * *
The eight-headed hydra barely misses you.
The eight-headed hydra bites you!
* * * LOW HITPOINT WARNING * * *
It was a potion of heal wounds.
You feel much better. The eight-headed hydra bites you!
* * * LOW HITPOINT WARNING * * *
The eight-headed hydra misses you. The eight-headed hydra bites you.
* * * LOW HITPOINT WARNING * * *
You block the eight-headed hydra's attack. x2
The eight-headed hydra bites you but does no damage. x2
The eight-headed hydra bites you!
* * * LOW HITPOINT WARNING * * *
Unknown command.
You block the eight-headed hydra's attack.
The eight-headed hydra bites you!
You die...

....... ....... .Z..#
.......### #..# .......#.#
#..# .......#.### #.(#
....(..#...## ## #.D#
........##..# #. ##.#
#######.##..# #.
#.##############.##..#####.
#.....ZD.D@......##........
#.#################..######
#.# ........## ###
#########


You could see an eight-headed hydra, a steam dragon and a centaur zombie.

Vanquished Creatures
  A troll (D:5)
  Sigmund (D:4)
  Eustachio (D:6)
  Menkaure (D:4)
  Edmund (D:4)
  A water moccasin (D:4)
  Duvessa (D:4)
  A black bear (D:5)
  A sky beast (D:6)
  2 ice beasts
  2 ogres
  2 bullfrogs (Sewer)
  A scorpion (D:6)
  Dowan (D:4)
  2 water moccasin skeletons
  3 killer bees (D:5)
  3 hounds
  A bullfrog skeleton (D:5)
  5 jellies
  4 orc priests
  2 centaur skeletons
  2 iguanas
  2 orc wizards
  A scorpion zombie (D:5)
  A hound skeleton (D:5)
  8 adders
  7 river rats
  A white imp (D:6)
  2 ufetubi
  An adder skeleton (D:4)
  A dart slug (D:4)
  10 orcs
  17 ball pythons
  5 endoplasms
  7 giant cockroaches
  9 goblins
  8 hobgoblins
  5 jackals
  8 quokkas
  6 bats
  8 frilled lizards
  2 kobolds (D:4)
  30 rats
178 creatures vanquished.

Vanquished Creatures (others)
  A plant (D:1)
1 creature vanquished.

Grand Total: 179 creatures vanquished

Notes
Turn   | Place    | Note
-------+----------+-------------------------------------------
     0 | D:1      | DearestLeader the Minotaur Fighter began the quest for the
                  | Orb.
     0 | D:1      | Reached XP level 1. HP: 19/19 MP: 0/0
   155 | D:1      | Found a faded altar of an unknown god.
   215 | D:1      | Reached XP level 2. HP: 27/27 MP: 1/1
   659 | D:2      | Reached skill level 3 in Axes
   827 | D:2      | Reached XP level 3. HP: 29/33 MP: 2/2
  1403 | D:3      | Noticed an ogre
  1419 | D:2      | Killed an ogre
  1420 | D:2      | Reached skill level 5 in Axes
  1420 | D:2      | Reached XP level 4. HP: 15/40 MP: 3/3
  1643 | D:3      | Reached skill level 6 in Axes
  1643 | D:3      | Reached XP level 5. HP: 40/46 MP: 4/4
  2485 | D:4      | Noticed Duvessa
  2486 | D:4      | Noticed Dowan
  2497 | D:4      | Killed Duvessa
  2498 | D:4      | Reached skill level 1 in Dodging
  2498 | D:4      | Reached XP level 6. HP: 28/53 MP: 5/5
  2498 | D:4      | Killed Dowan
  2499 | D:4      | Reached skill level 7 in Axes
  2786 | D:4      | Noticed Edmund
  2803 | D:4      | Killed Edmund
  3068 | D:4      | Found a radiant altar of Vehumet.
  3070 | D:4      | Reached XP level 7. HP: 58/60 MP: 6/6
  3136 | D:4      | Reached skill level 5 in Fighting
  3283 | D:4      | Found a bloodstained altar of Trog.
  3622 | D:4      | Noticed Sigmund
  3630 | D:4      | Killed Sigmund
  3631 | D:4      | Reached skill level 8 in Axes
  3789 | D:4      | Noticed Menkaure
  3795 | D:4      | Killed Menkaure
  4257 | D:4      | Reached skill level 9 in Axes
  4565 | D:4      | Reached XP level 8. HP: 62/68 MP: 7/7
  4749 | D:5      | Entered Level 5 of the Dungeon
  4753 | D:5      | Found a shimmering altar of Xom.
  4753 | D:5      | Found a blossoming altar of Fedhas.
  4791 | D:5      | Reached skill level 10 in Axes
  5084 | D:5      | Reached skill level 11 in Axes
  5401 | D:5      | Noticed a troll
  5451 | D:5      | Killed a troll
  5452 | D:5      | Reached skill level 12 in Axes
  5614 | D:5      | Found a staircase to the Ecumenical Temple.
  5639 | D:5      | Found a shimmering blue altar of Sif Muna.
  5671 | Temple   | Entered the Ecumenical Temple
  5757 | Temple   | Became a worshipper of Warmaster Okawaru
  6019 | D:6      | Noticed Eustachio
  6040 | D:6      | Killed Eustachio
  6054 | D:6      | Reached XP level 9. HP: 67/74 MP: 8/8
  6076 | D:6      | Found a glowing drain.
  6093 | Sewer    | Entered a sewer
  6341 | Sewer    | Reached * piety under Okawaru
  6514 | D:6      | Found a burning altar of Makhleb.
  6633 | D:6      | Reached skill level 5 in Armour
  6820 | D:6      | Reached skill level 1 in Invocations
  7119 | D:6      | Reached skill level 13 in Axes
  7742 | D:7      | Noticed an eight-headed hydra
  7758 | D:7      | Gained mutation: You have sharp toenails. [potion of
                  | mutation]
  7758 | D:7      | Gained mutation: You have a pair of large horns on your
                  | head. [potion of mutation]
  7759 | D:7      | HP: 2/75 [eight-headed hydra (8)]
  7762 | D:7      | Mangled by an eight-headed hydra

Illustrated notes

Levels and vault maps discovered:
D:1:      saegor_arrival_simple_b, layout_loops_ring,
          shapermc_ecumenical_altar_mp_ritualfount, minmay_split_cup_large
D:2:      layout_basic
D:3:      layout_basic
D:4:      layout_layer_cave, trog_butcher_becter, nicolae_vehumet_radiance,
          minmay_quantized, uniq_duvessa, uniq_sigmund, uniq_menkaure,
          uniq_edmund
D:5:      layout_cave_pools, nicolae_overflow_crystal_walls,
          jmf_multi_god_temple, minmay_temple_entry_antechambers
D:6:      layout_cave_pods, lemuel_crystal_altar, portal_sewer_entry_b,
          minivault_19, uniq_eustachio
D:7:      layout_basic, serial_park_tiny_pond, kennysheep_donut
Temple:   minmay_temple_curvy_branch

Skill      XL: |  1  2  3  4  5  6  7  8  9 |
---------------+----------------------------+-----
Shields        | 4 |  4.0
Fighting       | 4 5 6 |  6.2
Armour         | 4 5 |  5.5
Axes           | 3 5 6 7 9 12 13 | 13.0
Dodging        | 1 2 4 |  4.0
Invocations    | 1 |  1.6

Action                   |  1- 3 |  4- 6 |  7- 9 || total
-------------------------+-------+-------+-------++-------
Melee: War axe           |    23 |       |       ||    23
       Hand axe          |    33 |    79 |   291 ||   403
       Headbutt          |     3 |    16 |    48 ||    67
Invok: Heroism           |       |       |     1 ||     1
  Use: Potion            |     1 |     1 |     3 ||     5
       Scroll            |       |       |     7 ||     7
Armor: Scale mail        |    26 |    16 |       ||    42
       Ring mail         |       |     3 |    78 ||    81
Dodge: Dodged            |    32 |    30 |   122 ||   184
Block: Buckler           |    21 |    10 |    50 ||    81
